 Dungeon Crawl Stone Soup version 0.22-a0-348-gd16d1391c7 (webtiles) character file.

16418 Laan the Cleaver (level 12, -1/78 HPs)
             Began as a Gargoyle Fighter on Apr 7, 2018.
             Was a Priest of the Shining One.
             Slain by a komodo dragon (10 damage)
             ... on level 1 of the Lair of Beasts.
             The game lasted 00:20:13 (11363 turns).

Laan the Cleaver (Gargoyle Fighter)                Turns: 11363, Time: 00:20:14

Health: -1/78      AC: 23    Str: 24    XL:     12   Next: 37%
Magic:  12/12      EV:  8    Int: 13    God:    the Shining One [***...]
Gold:   370        SH: 12    Dex:  9    Spells: 11/11 levels left

rFire    . . .     SeeInvis .   a - +1 war axe
rCold    + . .     Gourm    .   b - +2 buckler
rNeg     + + .     Faith    .   m - +1 chain mail {rC+}
rPois    ∞         Spirit   .   B - +0 helmet {Int+3}
rElec    +         Reflect  +   (no cloak)
rCorr    .         Harm     .   (no gloves)
MR       +....                  (no boots)
Stlth    ..........             G - +4 amulet of reflection
HPRegen  0.23/turn              t - ring of wizardry
MPRegen  0.13/turn              C - ring of protection from magic

@: glowing
A: negative energy resistance 1, electricity resistance, unbreathing,
petrification resistance, rot immunity, AC +8
a: Divine Shield, Renounce Religion


You were on level 1 of the Lair of Beasts.
You worshipped the Shining One.
The Shining One was most pleased with you.
You were not hungry.

You visited 3 branches of the dungeon, and saw 13 of its levels.

You collected 748 gold pieces.
You spent 378 gold pieces at shops.

Inventory:

Hand Weapons
 a - a +1 war axe (weapon)
Armour
 b - a +2 buckler (worn)
 c - a +0 shield
 m - a +1 chain mail of cold resistance (worn)
 B - a +0 helmet of intelligence (worn)
Jewellery
 t - a ring of wizardry (left hand)
 C - a ring of protection from magic (right hand)
 E - an uncursed amulet of regeneration {unknown}
 G - a +4 amulet of reflection (around neck)
Wands
 D - a wand of flame (55)
 H - a wand of disintegration (15)
 I - a wand of digging (26)
Scrolls
 l - 10 scrolls of identify
 o - 4 scrolls of teleportation
 p - 3 scrolls of fear
 r - 2 scrolls of remove curse
 s - a scroll of summoning {unknown}
 v - a scroll of magic mapping
 y - 3 scrolls of amnesia
 z - a scroll of fog
 A - a scroll of immolation {unknown}
Potions
 d - 2 potions of might
 e - 2 potions of cancellation
 g - 5 potions of resistance {unknown}
 h - 2 potions of invisibility {unknown}
 i - 2 potions of mutation {unknown}
 j - 7 potions of curing
 k - 3 potions of berserk rage {unknown}
 n - 6 potions of brilliance {unknown}
 q - 5 potions of lignification {unknown}
 u - 3 potions of flight {unknown}
 w - a potion of ambrosia {unknown}
 x - a potion of magic {unknown}
 F - a potion of degeneration {unknown}
Comestibles
 f - 28 rations
 J - 18 chunks of flesh


   Skills:
 + Level 10.3 Fighting
 * Level 11.6 Axes
 + Level 10.3 Armour
 + Level 10.3 Shields


You had 11 spell levels left.
You didn't know any spells.

Dungeon Overview and Level Annotations

Branches:
Dungeon (11/15)            Temple (1/1) D:6            Lair (1/6) D:11
    Orc (0/2) D:11

Altars:
Ashenzari
Cheibriados
Dithmenos
Elyvilon
Fedhas
Gozag
Hepliaklqana
Kikubaaqudgha
Makhleb
Nemelex Xobeh
Okawaru
Ru
Trog
Uskayaw
Vehumet
Wu Jian
Xom
Yredelemnul
Zin
The Shining One

Shops:
D:6 :   D:7 (}*[(


Innate Abilities, Weirdness & Mutations

You are resistant to torment.
Your stone body is resilient. (AC +8)
You are immune to poison.
You resist negative energy. (rN+)
You are resistant to electric shocks. (rElec)
You can survive without breathing.
You are immune to petrification.
You are immune to rotting.


Message History

The komodo dragon bites you but does no damage.
You slice the komodo dragon!!
You kill the komodo dragon!
You barely miss the komodo dragon.
The komodo dragon is lightly wounded.
The komodo dragon bites you but does no damage.
You slash the komodo dragon!
The komodo dragon is heavily wounded.
You block the komodo dragon's attack.
You hit the komodo dragon.
The komodo dragon is heavily wounded.
The komodo dragon bites you!
* * * LOW HITPOINT WARNING * * *
You slash the komodo dragon!
The komodo dragon is severely wounded.
The komodo dragon bites you but does no damage.
You hit the komodo dragon.
The komodo dragon is almost dead.
The komodo dragon bites you!
You die...

# .. #. ##..... #..
###....... #.. #.........
#.####.........
#..##?.........
#..@#..........
#..#l...†...%..
#...$..........
##.............
####.............
###.....#..........
#######..................
####P.#......##.#.##.......#
...#.......#####...###.....#


You could see a komodo dragon.

Vanquished Creatures
  Harold (Lair:1)
  3 two-headed ogres
  The ghost of dricus the Basher, a novice FoAK of Lugonu (D:7)
  An unseen horror (D:9)
  Pikel (D:8)
  An ugly thing (D:11)
  A guardian serpent (D:9)
  2 komodo dragons (Lair:1)
  A kobold demonologist (D:7)
  4 trolls
  Grinder (D:3)
  The ghost of Banto the Grave Robber, an amateur DsNe (D:4)
  Prince Ribbit (D:7)
  A hippogriff (D:8)
  Sigmund (D:2)
  A wyvern (D:9)
  2 wraiths
  A human (D:5)
  14 yaks
  A hungry ghost (D:10)
  A naga (shapeshifter) (D:10)
  An acid dragon (D:11)
  A water moccasin (D:9)
  A porcupine (Lair:1)
  4 orc warriors
  4 phantoms
  A slave (D:8)
  7 ogres
  A black bear (D:8)
  4 sky beasts
  6 ice beasts
  A centaur (D:6)
  A wolf (Lair:1)
  2 big kobolds
  7 bullfrogs
  A wyvern skeleton (D:7)
  4 scorpions
  6 killer bees (D:9)
  An electric eel (D:9)
  2 howler monkeys
  6 crimson imps
  A human zombie (D:5)
  5 jellies
  11 orc priests
  A bullfrog skeleton (D:10)
  9 hounds
  11 orc wizards
  2 centaur skeletons (D:11)
  A gnoll shaman (D:7)
  3 iguanas
  10 worker ants
  2 hound zombies
  4 gnolls
  9 adders
  A shadow imp (D:7)
  5 oozes (D:9)
  An adder skeleton (D:6)
  2 adder zombies
  A worm (D:4)
  2 dart slugs (D:1)
  3 leopard geckos
  34 orcs
  8 bats
  7 giant cockroaches
  8 goblins
  7 hobgoblins
  18 jackals
  13 kobolds
  3 quokkas
  3 ball pythons
  6 frilled lizards
  A kobold skeleton (D:5)
  8 rats
  A spectral orc (D:5)
303 creatures vanquished.

Vanquished Creatures (others)
  A slave (D:8)
  A howler monkey (D:8)
  A kobold (D:10)
3 creatures vanquished.

Grand Total: 306 creatures vanquished

Notes
Turn   | Place    | Note
-------+----------+-------------------------------------------
     0 | D:1      | Laan the Gargoyle Fighter began the quest for the Orb.
     0 | D:1      | Reached XP level 1. HP: 14/14 MP: 1/1
    44 | D:1      | Reached skill level 2 in Axes
    66 | D:1      | Reached XP level 2. HP: 19/19 MP: 2/2
   412 | D:1      | Reached XP level 3. HP: 17/23 MP: 3/3
   897 | D:2      | Noticed Sigmund
   905 | D:2      | Killed Sigmund
   905 | D:2      | Reached skill level 3 in Axes
   905 | D:2      | Reached XP level 4. HP: 16/29 MP: 4/4
   905 | D:2      | Reached XP level 5. HP: 18/33 MP: 5/5
  1075 | D:2      | Reached XP level 6. HP: 36/39 MP: 6/6
  1744 | D:3      | Reached skill level 4 in Axes
  1891 | D:3      | Noticed Grinder
  1900 | D:3      | Paralysed by Grinder for 2 turns
  1905 | D:3      | Paralysed by Grinder for 5 turns
  1913 | D:3      | Paralysed by Grinder for 6 turns
  1921 | D:3      | Killed Grinder
  1921 | D:3      | Reached XP level 7. HP: 16/44 MP: 7/7
  2458 | D:4      | Noticed Banto's ghost (amateur DsNe)
  2458 | D:4      | Reached skill level 5 in Armour
  2496 | D:4      | Killed Banto's ghost
  2496 | D:4      | Reached skill level 5 in Fighting
  2496 | D:4      | Reached skill level 5 in Axes
  2496 | D:4      | Reached skill level 5 in Shields
  2828 | D:4      | Reached XP level 8. HP: 50/50 MP: 8/8
  3517 | D:5      | Entered Level 5 of the Dungeon
  3657 | D:5      | Found a runed door.
  3665 | D:5      | Found a basalt altar of Yredelemnul.
  3674 | D:5      | Reached skill level 6 in Axes
  3956 | D:5      | Found a white marble altar of Elyvilon.
  4040 | D:5      | Found a basalt altar of Yredelemnul.
  4447 | D:6      | Reached XP level 9. HP: 39/56 MP: 9/9
  4806 | D:6      | Found a staircase to the Ecumenical Temple.
  4823 | Temple   | Entered the Ecumenical Temple
  4911 | Temple   | Became a worshipper of the Shining One
  4951 | D:6      | Reached skill level 7 in Axes
  4994 | D:6      | Found Hiryotuf's Book Boutique.
  5098 | D:6      | Found an ornate altar of the Wu Jian Council.
  5100 | D:6      | Found an iron altar of Okawaru.
  5202 | D:7      | Found Heush's Weapon Emporium.
  5245 | D:7      | Noticed dricus's ghost (novice FoAK)
  5617 | D:7      | Killed dricus's ghost
  5617 | D:7      | Reached * piety under the Shining One
  5619 | D:7      | Reached skill level 8 in Axes
  5669 | D:7      | Reached XP level 10. HP: 62/63 MP: 10/10
  5675 | D:7      | Found Podditra's General Store.
  5735 | D:7      | Found Haudghog's Weapon Shoppe.
  5773 | D:7      | Found Cobb's Gadget Shoppe.
  5811 | D:7      | Bought a +4 amulet of reflection for 378 gold pieces
  5901 | D:7      | Found Zufayri's Armour Shoppe.
  6166 | D:8      | Noticed Prince Ribbit
  6193 | D:8      | Noticed a kobold demonologist
  6252 | D:7      | Killed Prince Ribbit
  6365 | D:7      | Noticed a smoke demon
  6369 | D:7      | Killed a kobold demonologist
  6641 | D:8      | Noticed a two-headed ogre
  6654 | D:8      | Killed a two-headed ogre
  6654 | D:8      | Reached skill level 9 in Axes
  6732 | D:8      | Noticed Pikel
  6945 | D:8      | Killed Pikel
  7798 | D:9      | Noticed an unseen horror
  7810 | D:9      | Killed an unseen horror
  7810 | D:9      | Reached XP level 11. HP: 54/69 MP: 11/11
  7823 | D:9      | Found a sacrificial altar of Ru.
  8053 | D:9      | Reached ** piety under the Shining One
  8067 | D:9      | Reached skill level 10 in Axes
  8213 | D:9      | Found a burning altar of Makhleb.
  9100 | D:10     | Entered Level 10 of the Dungeon
  9100 | D:10     | Noticed a two-headed ogre
  9111 | D:10     | Killed a two-headed ogre
  9334 | D:10     | Noticed a two-headed ogre
  9355 | D:10     | Killed a two-headed ogre
  9621 | D:10     | Reached *** piety under the Shining One
 10015 | D:11     | Reached skill level 11 in Axes
 10084 | D:11     | Reached XP level 12. HP: 67/77 MP: 12/12
 10132 | D:11     | Reached skill level 10 in Fighting
 10132 | D:11     | Reached skill level 10 in Armour
 10196 | D:11     | Reached skill level 10 in Shields
 10694 | D:11     | Found a staircase to the Orcish Mines.
 10825 | D:11     | Found a staircase to the Lair.
 11110 | Lair:1   | Entered Level 1 of the Lair of Beasts
 11168 | Lair:1   | Noticed Harold
 11192 | Lair:1   | Killed Harold
 11363 | Lair:1   | Slain by a komodo dragon

Vault maps used:
D:1:      lightli_arrival_windingriver
D:2:      first_ration, uniq_sigmund
D:3:      uniq_grinder
D:5:      yredelemnul_forgotten_temple_becter, lemuel_crystal_altar,
          dk_yredelemnul_ordeal
D:6:      chequers_temple_overflow_statue_of_worship,
          minmay_temple_entry_junction, serial_shops, kennysheep_mini_moat
D:7:      serial_shops, shop_statue, kennysheep_little_box, shop,
          nicolae_shop_temple_entry_statues_fountains, shop, amethyst_killhole,
          minivault_27
D:8:      kennysheep_big_flooded_room, uniq_prince_ribbit1, uniq_pikel
D:9:      lemuel_doored_altar, nicolae_ru_sacrificial_ziggurat,
          hangedman_little_slice_of_home, kennysheep_cross_room,
          nrook_guardian_serpent_double
D:11:     lair_entry_dummy, orc_0_dummy
Temple:   nicolae_temple_elliptical
Lair:1:   beast_lair_carwin_2, uniq_sonja, uniq_harold, uniq_joseph

Skill      XL: |  1  2  3  4  5  6  7  8  9 10 11 12 |
---------------+-------------------------------------+-----
Axes           | 2 3 4 5 6 8 9 11 | 11.6
Fighting       | 4 5 6 7 8 9 10 | 10.3
Armour         | 4 5 6 7 8 9 10 | 10.3
Shields        | 4 5 6 7 8 9 10 | 10.3

Action                   |  1- 3 |  4- 6 |  7- 9 | 10-12 || total
-------------------------+-------+-------+-------+-------++-------
Melee: War axe           |    93 |   166 |   370 |   637 ||  1266
       Hand axe          |       |       |       |    42 ||    42
Evoke: Wand              |       |       |     3 |    17 ||    20
  Use: Potion            |     1 |     1 |     1 |     2 ||     5
       Scroll            |       |     4 |       |    10 ||    14
  Eat: Chunk             |       |     4 |    13 |    19 ||    36
Armor: Scale mail        |    41 |   138 |   189 |    91 ||   459
       Plate armour      |       |       |       |   100 ||   100
       Chain mail        |       |       |       |    45 ||    45
Dodge: Dodged            |    28 |    56 |   110 |   126 ||   320
Block: Shield            |    38 |   100 |   230 |   426 ||   794
       Reflection        |       |       |       |     6 ||     6
       Buckler           |       |       |       |    27 ||    27

Table legend:
 A = Spawn XP
 B = Non-spawn XP
 C = Spawn XP percentage of total XP
 D = Spawn monster count
 E = Non-spawn monster count
 F = Spawn count percentage of total count
 G = Total turns spent on level
                    A         B        C        D         E        F      G
               +---------+---------+-------+---------+---------+-------+---------
         Total |       0 |   23455 |   0.0 |       0 |     302 |   0.0 | 11363
               +---------+---------+-------+---------+---------+-------+---------
           D:1 |       0 |      47 |   0.0 |       0 |      26 |   0.0 |   897
           D:2 |       0 |     327 |   0.0 |       0 |      23 |   0.0 |   794
           D:3 |       0 |     409 |   0.0 |       0 |      21 |   0.0 |   756
           D:4 |       0 |     760 |   0.0 |       0 |      24 |   0.0 |  1070
           D:5 |       0 |     495 |   0.0 |       0 |      13 |   0.0 |   837
           D:6 |       0 |    1061 |   0.0 |       0 |      28 |   0.0 |  1067
           D:7 |       0 |    2457 |   0.0 |       0 |      26 |   0.0 |   809
           D:8 |       0 |    3007 |   0.0 |       0 |      30 |   0.0 |  1469
           D:9 |       0 |    5179 |   0.0 |       0 |      43 |   0.0 |  1302
          D:10 |       0 |    3518 |   0.0 |       0 |      28 |   0.0 |   899
          D:11 |       0 |    3571 |   0.0 |       0 |      31 |   0.0 |  1111
        Lair:1 |       0 |    2624 |   0.0 |       0 |       9 |   0.0 |   253
               +---------+---------+-------+---------+---------+-------+---------
